 Dungeon Crawl Stone Soup version 0.20.0-10-g0535bb4 (webtiles) character file.

328 mopl the Archer (level 6, -1/48 HPs)
             Began as a Centaur Hunter on June 3, 2017.
             Slain by a centaur skeleton (7 damage)
             ... on level 5 of the Dungeon.
             The game lasted 00:04:30 (3876 turns).

mopl the Archer (Centaur Hunter)                    Turns: 3876, Time: 00:04:31

Health: -1/48      AC:  9    Str: 16    XL:     6   Next: 25%
Magic:  6/6        EV:  9    Int: 14    God:
Gold:   243        SH:  0    Dex: 16    Spells: 5/5 levels left

rFire    . . .     SeeInvis +   b - +0 dagger (venom)
rCold    . . .     Gourm    .   (no shield)
rNeg     . . .     Faith    .   F - +1 ring mail of Satisfaction {Dex+3} (curse)
rPois    .         Spirit   .   (no helmet)
rElec    .         Reflect  .   (no cloak)
rCorr    .         Harm     .   B - +2 pair of gloves {Dex+3}
MR       .....                  (no barding)
Stlth    +.........             (no amulet)
Regen    0.2/turn               D - +4 ring of intelligence
MPRegen  0.1/turn               w - ring of see invisible

@: very quick
A: hooves 3, deformed body, speed 2, tough skin 3
a: no special abilities


You were on level 5 of the Dungeon.
You were not hungry.

You visited 1 branch of the dungeon, and saw 5 of its levels.

You collected 243 gold pieces.

Inventory:

Hand Weapons
 a - a +1 shortbow
 b - a +0 dagger of venom (weapon)
 n - a +0 spear
 v - the +6 dagger "Bazup" {pierce, rElec rC+ rN+ Stlth-}
   (You found it on level 4 of the Dungeon)

   It inflicts extra damage upon your enemies.
   It protects you from cold.
   It insulates you from electricity.
   It protects you from negative energy.
   It makes you less stealthy.
Missiles
 d - 42 arrows
 j - 92 bolts
Armour
 B - a +2 pair of gloves of dexterity (worn)
 F - the cursed +1 ring mail of Satisfaction (worn) {Dex+3}
   (You found it on level 4 of the Dungeon)

   It affects your dexterity (+3).
   It has a curse placed upon it.
Jewellery
 w - a ring of see invisible (right hand)
 D - a +4 ring of intelligence (left hand)
Scrolls
 c - a scroll of noise {unknown}
 e - 3 scrolls of random uselessness {unknown}
 i - a scroll of magic mapping {unknown}
 k - 2 scrolls of amnesia {unknown}
 q - 3 scrolls of fear {unknown}
 t - a scroll of blinking {unknown}
 u - 3 scrolls of identify {unknown}
 y - a scroll of enchant weapon {unknown}
 z - 2 scrolls of teleportation {unknown}
Potions
 h - 4 potions of brilliance {unknown}
 l - a potion of invisibility {unknown}
 m - a potion of agility {unknown}
 o - a potion of might {unknown}
 r - 3 potions of curing {unknown}
 s - a potion of cancellation {unknown}
 x - a potion of haste {unknown}
 A - a potion of resistance {unknown}
 C - a potion of magic {unknown}
Books
 p - a book of Misfortune

   Spells                             Type                      Level
   a - Confusing Touch                Hexes                        1
   b - Confuse                        Hexes                        3
   c - Gell's Gravitas                Translocation                3
   d - Petrify                        Transmutation/Earth          4
   e - Metabolic Englaciation         Hexes/Ice                    5
   f - Yara's Violent Unravelling     Hexes/Transmutation          5
Comestibles
 f - 2 bread rations
 g - 3 royal jellies
 E - 4 fruits
 H - a meat ration


   Skills:
 - Level 2.0 Fighting
 + Level 9.9 Bows
 - Level 1.3 Dodging
 - Level 0.4 Stealth


You had 5 spell levels left.
You didn't know any spells.

Dungeon Overview and Level Annotations

Branches:
Dungeon (5/15)
 Temple: D:4-7

Altars:
Cheibriados
Fedhas
Gozag
Sif Muna


Innate Abilities, Weirdness & Mutations

You have hooves in place of feet.
Armour fits poorly on your strangely shaped body.
You cover ground very quickly.
You have extremely tough skin. (AC +3)


Message History

The centaur skeleton closely misses you.
The centaur skeleton misses you.
You hit the centaur skeleton.
You kick the centaur skeleton, but do no damage.
The centaur skeleton is heavily damaged.
The centaur skeleton hits you.
You hit the centaur skeleton but do no damage.
You kick the centaur skeleton.
The centaur skeleton is heavily damaged.
The centaur skeleton hits you!
* * * LOW HITPOINT WARNING * * *
You hit the centaur skeleton. You kick the centaur skeleton.
The centaur skeleton is severely damaged.
The centaur skeleton hits you.
* * * LOW HITPOINT WARNING * * *
The centaur skeleton hits you but does no damage.
You hit the centaur skeleton.
The centaur skeleton is almost destroyed.
The centaur skeleton hits you!
You die...

#.# #.##
#.##...##
#.#.....## #
#........#
#.##........#
#.....$....#
#.##..........
# #..?.....##
#@#......#
#..Z.......##
#.$..#######
......#
#####..# #..#
#..# #..#


You could see a centaur skeleton.

Vanquished Creatures
  A howler monkey (D:5)
  A jelly (D:4)
  An orc wizard (D:4)
  An iguana (D:4)
  2 worker ants (D:4)
  A gnoll (D:2)
  8 adders
  A leopard gecko (D:1)
  6 orcs
  2 ball pythons
  5 giant cockroaches
  9 goblins
  9 hobgoblins
  2 jackals (D:2)
  A quokka (D:3)
  12 bats
  5 frilled lizards
  6 kobolds
  A quokka skeleton (D:4)
  8 rats
82 creatures vanquished.

Notes
Turn   | Place    | Note
-------+----------+-------------------------------------------
     0 | D:1      | mopl the Centaur Hunter began the quest for the Orb.
     0 | D:1      | Reached XP level 1. HP: 17/17 MP: 1/1
   262 | D:1      | Reached XP level 2. HP: 15/24 MP: 2/2
   268 | D:1      | Reached skill level 6 in Bows
   723 | D:2      | Reached XP level 3. HP: 24/29 MP: 3/3
   875 | D:2      | Found a deep blue altar of Sif Muna.
   931 | D:2      | Reached skill level 7 in Bows
  1164 | D:2      | Found a blossoming altar of Fedhas.
  1457 | D:2      | Reached XP level 4. HP: 12/36 MP: 4/4
  1886 | D:3      | Reached skill level 8 in Bows
  2389 | D:3      | Reached XP level 5. HP: 23/41 MP: 5/5
  2967 | D:4      | Reached skill level 9 in Bows
  3231 | D:4      | Found an opulent altar of Gozag.
  3444 | D:4      | Got a fine dagger
  3445 | D:4      | Identified the +6 dagger "Bazup" {pierce, rElec rC+ rN+ Stlth-} (You found it on level 4 of the Dungeon)
  3484 | D:4      | Found a snail-covered altar of Cheibriados.
  3501 | D:4      | Got an ancient ring mail
  3512 | D:4      | Identified the cursed +1 ring mail of Satisfaction {Dex+3} (You found it on level 4 of the Dungeon)
  3558 | D:4      | Reached XP level 6. HP: 46/48 MP: 6/6
  3840 | D:5      | Entered Level 5 of the Dungeon
  3876 | D:5      | Slain by a centaur skeleton

Skill      XL: |  1  2  3  4  5 |
---------------+----------------+-----
Bows           | 6 7 8 9 |  9.9
Fighting       | |  2.0
Dodging        | |  1.3
Stealth        | |  0.4

Action                   |  1- 3 |  4- 6 || total
-------------------------+-------+-------++-------
Melee: Short sword       |    56 |       ||    56
       Kick              |    22 |    34 ||    56
       Dagger            |    56 |   142 ||   198
 Fire: Shortbow          |    13 |     2 ||    15
  Eat: Chunk             |       |     7 ||     7
Armor: Leather armour    |    54 |    56 ||   110
       Ring mail         |       |    14 ||    14
Dodge: Dodged            |    71 |    67 ||   138
